[Event "*** Titled Tuesday Blitz"]
[Site "Chess.com"]
[Date "2021.03.09"]
[Round "8"]
[White "Cambek64"]
[Black "Sadykov_Ramil"]
[Result "1-0"]
[WhiteElo "2427"]
[BlackElo "2564"]
[TimeControl "180+1"]
[EndTime "11:31:34 PST"]
[Termination "Cambek64 won on time"]

1. e4 c5 2. Nc3 Nc6 3. d3 e6 4. f4 g6 5. Nf3 Bg7 6. Be2 Nge7 7. e5 d6 8. exd6 Nf5 9. Ne4 Nxd6 10. O-O O-O 11. c3 b6 12. Qe1 Ba6 13. Be3 Nf5 14.
Bf2 Qc7 15. g4 Qxf4 16. gxf5 exf5 17. Bg3 Qh6 18. Neg5 Rfe8 19. Bf4 Bxd3 20. Ne6 Rxe6 21. Bxh6 Bxh6 22. Bxd3 Rxe1 23. Rfxe1 Rd8 24. Rad1 Kf8 25. Bb5 Rxd1 26. Rxd1 Ne7 27. Rd8+ Kg7 28. Rd7 Kf6 29. Rxa7 Bc1 30. Rb7 Bxb2 31. Rxb6+ Kg7 32. c4 f4 33. Rb7 Nf5 34. a4 g5 35. a5 g4 36. Kf2 gxf3 37.
Kxf3 1-0

[Event "*** Titled Tuesday Blitz"]
[Site "Chess.com"]
[Date "2021.03.09"]
[Round "8"]
[White "Bastiandash"]
[Black "03revilo"]
[Result "0-1"]
[WhiteElo "2456"]
[BlackElo "2340"]
[TimeControl "180+1"]
[EndTime "11:31:34 PST"]
[Termination "03revilo won by resignation"]

1. e4 c5 2. Nf3 d6 3. Bb5+ Nc6 4. c3 Bd7 5. d4 cxd4 6. cxd4 Nf6 7. Nc3 e6 8. O-O Be7 9. Re1 O-O 10. Bg5 h6 11.
Bf4 Rc8 12. Qd2 Na5 13. Bxd7 Qxd7 14. Qe2 Nc4 15. Rad1 b5 16. Bc1 b4 17. Nb1 Qb7 18.
Nbd2 d5 19. e5 Nd7 20. Nxc4 Rxc4 21. Be3 Rfc8 22. Rd2 b3 23. axb3 Qxb3 24. Red1 Nb6 25. Rd3 Qb5 26. R3d2 Rb4 27. g4 Qxe2 28. Rxe2 Rb3 29.
Rdd2 Nc4 30. Rc2 Rcb8 31. Bc1 Rxf3 32. Kg2 Rfb3 33. f4 a5 34. f5 exf5 35. gxf5 Bg5 36. Bxg5 hxg5 37. Kf2 Rxb2 38. e6 fxe6 39. fxe6 Rxc2 40.
Rxc2 Rb2 41. Rxb2 Nxb2 42. Ke2 Kf8 43. Kd2 Ke7 44. Kc2 Nc4 45. h4 Kxe6 46. hxg5 Kf5 47.
Kd3 Kxg5 0-1

[Event "*** Titled Tuesday Blitz"]
[Site "Chess.com"]
[Date "2021.03.09"]
[Round "8"]
[White "cukin84"]
[Black "Andrii_Prydun"]
[Result "0-1"]
[WhiteElo "2117"]
[BlackElo "2285"]
[TimeControl "180+1"]
[EndTime "11:31:34 PST"]
[Termination "Andrii_Prydun won by resignation"]

1. e4 d5 2. exd5 Qxd5 3. Nc3 Qd6 4. d4 Nf6 5. g3 c6 6. Bf4 Qb4 7. Ne2 Qxb2 8. Bg2 e6 9. O-O Nbd7 10. Rb1 Qa3 11. Rb3 Qa5 12. Qd3 Be7 13. h4 O-O 14. Rfb1 Nb6 15. Ne4 Nbd5 16. Be5 Qd8 17. c4 Nb6 18. Ng5 Nbd7 19. Bxf6 Nxf6 20. Nf4 h6 21. Ne4 Nxe4 22. Bxe4 Bf6 23. d5 cxd5 24. cxd5 Be5 25. Ng2 Qd6 26. Ne3 exd5 27. Nxd5 Be6 28. Rxb7 Rad8 29.
Ne7+ Kh8 30. Qf3 Qa6 31. Kg2 Qxa2 32. R7b2 Qa4 33. Rb4 Qd7 34. Bc6 Qxe7 35. Be4 Bd6 36. Bc2 Bxb4 37. Qe4 Bd5 38. Qxd5 Rxd5 0-1

[Event "*** Titled Tuesday Blitz"]
[Site "Chess.com"]
[Date "2021.03.09"]
[Round "8"]
[White "kirillshevchenko"]
[Black "Chessmasterzt"]
[Result "1-0"]
[WhiteElo "2836"]
[BlackElo "2630"]
[TimeControl "180+1"]
[EndTime "11:31:35 PST"]
[Termination "kirillshevchenko won on time"]

1. e4 c5 2. c3 g6 3. d4 cxd4 4.
cxd4 d5 5. e5 Bg7 6. Nc3 Nh6 7.
h3 O-O 8. Nf3 Bf5 9. Bf4 f6 10.
Bb5 Be4 11. exf6 Rxf6 12. Be5 Bxf3 13. gxf3 Rf7 14. Qe2 Nc6 15. Bxg7 Kxg7 16. Bxc6 bxc6 17. O-O-O Qd6 18. Rd3 Nf5 19. Kb1 Rb8 20. Na4 Kg8 21. Rc1 Rb4 22. Qd1 Qf6 23. Nc5 Rxd4 24. Nd7 Qg7 25.
Rxc6 h5 26. Rxd4 Qxd4 27. Qg1 Qd3+ 28. Ka1 Nh4 29. Ne5 Qf5 30. Nxf7 Kxf7 31. a3 Nxf3 32.
Qd1 Nd4 33. Qxd4 1-0

[Event "*** Titled Tuesday Blitz"]
[Site "Chess.com"]
[Date "2021.03.09"]
[Round "8"]
[White "Duhless"]
[Black "Kobalia"]
[Result "1-0"]
[WhiteElo "3017"]
[BlackElo "2737"]
[TimeControl "180+1"]
[EndTime "11:31:36 PST"]
[Termination "Duhless won on time"]

1. a3 e5 2. b4 d5 3. Bb2 Bd6 4. e3 Nf6 5. c4 c6 6. Nf3 Qe7 7. Be2 O-O 8. O-O Bg4 9. Nc3 Nbd7 10. cxd5 cxd5 11. h3 Bh5 12. Nh4 Bxe2 13. Nxe2 Qe6 14.
f4 Rfe8 15. Nf5 Bc7 16. Rc1 Rac8 17. fxe5 Bxe5 18. Ned4 Rxc1 19. Qxc1 Qb6 20. Qd1 g6 21. Nh6+ Kg7 22. Ng4 Nxg4 23. Qxg4 Nf6 24. Qg5 Kg8 25.
d3 a5 26. b5 a4 27. Rf2 Qa5 28. Rxf6 h6 29. Qh4 Qd8 30. Ne6 Bxf6 31. Bxf6 1-0

[Event "*** Titled Tuesday Blitz"]
[Site "Chess.com"]
[Date "2021.03.09"]
[Round "8"]
[White "urutodo"]
[Black "lider34"]
[Result "0-1"]
[WhiteElo "2312"]
[BlackElo "2468"]
[TimeControl "180+1"]
[EndTime "11:31:37 PST"]
[Termination "lider34 won on time"]

1. e4 c6 2. d4 d5 3. Nc3 dxe4 4. Nxe4 Nf6 5. Nxf6+ exf6 6. Nf3 Bd6 7. Be2 O-O 8.
O-O Re8 9. Re1 Nd7 10. Bd2 Nf8 11. c4 Ng6 12. Bf1 Be6 13. b3 Bc7 14. g3 Qd7 15. Bc3 Rad8 16. Bg2 Ne7 17. Qd2 Nf5 18. Rad1 Qc8 19.
Qc2 Nd6 20. Re2 Bf5 21. Qb2 Be4 22. Rde1 f5 23. d5 f6 24. Nh4 cxd5 25. cxd5 Qd7 26. Bxe4 fxe4 27. Ng2 Nb5 28. Rxe4 Rxe4 29. Rxe4 Qxd5 30.
Re1 Qd3 31. Bb4 a5 32. Nf4 Bxf4 33. Be7 Bd2 34. Bxd8 Bxe1 35. Qc1 Bc3 36. Qf4 Qxd8 37.
Qc4+ Kf8 38. Qxb5 Qc7 0-1

[Event "*** Titled Tuesday Blitz"]
[Site "Chess.com"]
[Date "2021.03.09"]
[Round "8"]
[White "Atco84"]
[Black "GelmanAlexander"]
[Result "1-0"]
[WhiteElo "2450"]
[BlackElo "2559"]
[TimeControl "180+1"]
[EndTime "11:31:38 PST"]
[Termination "Atco84 won on time"]

1. b3 c5 2. Bb2 Nf6 3. g3 e6 4.
Bg2 Be7 5. Nf3 O-O 6. O-O a6 7. c4 d6 8. d4 cxd4 9. Nxd4 Qc7 10. Nc3 Nbd7 11. e4 Ne5 12. h3 Bd7 13. Rc1 Rac8 14. f4 Ng6 15. Nf3 Bc6 16. Qe2 Qb8 17. Kh2 h6 18.
Rfd1 Rfd8 19. Nd4 Bd7 20. Rc2 h5 21. Nf3 Bc6 22. Rcd2 b5 23. cxb5 axb5 24. b4 Ba8 25.
a3 Rc4 26. f5 exf5 27. exf5 Ne5 28. Nxe5 dxe5 29. Rxd8+ Bxd8 30. Nxb5 Bxg2 31. Kxg2 Qxb5 32. Rxd8+ Kh7 33. Rd2 h4 34. g4 Qc6+ 35. Kh2 Re4 36.
Qf2 Qc4 37. Qxh4+ Kg8 38. Rd8+ 1-0

[Event "*** Titled Tuesday Blitz"]
[Site "Chess.com"]
[Date "2021.03.09"]
[Round "8"]
[White "Manukyan_Artak"]
[Black "BegmuratovKh2010"]
[Result "0-1"]
[WhiteElo "2391"]
[BlackElo "2545"]
[TimeControl "180+1"]
[EndTime "11:31:38 PST"]
[Termination "BegmuratovKh2010 won on time"]

1. e4 c5 2. Nf3 d6 3. Bb5+ Bd7 4.
Bxd7+ Qxd7 5. c4 Nc6 6. Nc3 Nf6 7. O-O g6 8. d4 cxd4 9. Nxd4 Bg7 10. Be3 Ng4 11. Nxc6 Nxe3 12. fxe3 bxc6 13. Qd3 O-O 14. Rad1 Rab8 15. b3 Qe6 16. Ne2 a5 17. Nd4 Qd7 18. Nf3 Qa7 19. a4 Rb4 20. Rb1 Rfb8 21. Nd2 Qc5 22. Kf2 h5 23. Ke2 Qg5 24. Rf2 Qg4+ 25.
Kf1 Bh6 26. h3 Qe6 27. Ke2 Bg7 28. Rff1 Bf6 29. Nf3 Rd8 30. Nd4 Qd7 31. Nc2 Rbb8 32. Qd2 d5 33. exd5 cxd5 34. cxd5 Qc7 35. e4 Qg3 36.
Rf2 Qe5 37. Qd3 Rdc8 38. Ne3 Rc3 39. Nc4 Qc7 40. Qd1 Bh4 41. Rf3 Rxc4 42. bxc4 Qxc4+ 43. Rd3 Qa2+ 0-1

[Event "*** Titled Tuesday Blitz"]
[Site "Chess.com"]
[Date "2021.03.09"]
[Round "8"]
[White "yonaltimur"]
[Black "QueenOfTactics90"]
[Result "1-0"]
[WhiteElo "1826"]
[BlackElo "1966"]
[TimeControl "180+1"]
[EndTime "11:31:38 PST"]
[Termination "yonaltimur won on time"]

1. e4 d5 2. exd5 Nf6 3. Bb5+ Bd7 4. Bc4 Bg4 5. Ne2 Nxd5 6. O-O e5 7. d4 Nb6 8. Bb3 Bxe2 9. Qxe2 c6 10. Qxe5+ Qe7 11. Qa5 Qd6 12. c4 Qxd4 13. c5 Qxc5 14. Re1+ Kd8 15. Qd2+ N8d7 16. Bxf7 Bd6 17. Bb3 Kc7 18. Nc3 Rhf8 19. Qe2 Rae8 20. Be3 Qe5 21. g3 Nf6 22. Rac1 Qf5 23. Nb5+ Kd7 24. Nxd6 Kxd6 25. Bf4+ Kd7 26. Rcd1+ Nbd5 27. Qf1 g5 28. Bc1 Rxe1 29. Qxe1 Kc7 30. Bxd5 Nxd5 31. Rxd5 1-0

[Event "*** Titled Tuesday Blitz"]
[Site "Chess.com"]
[Date "2021.03.09"]
[Round "8"]
[White "szachuspl"]
[Black "Vanina1989"]
[Result "0-1"]
[WhiteElo "2512"]
[BlackElo "2739"]
[TimeControl "180+1"]
[EndTime "11:31:40 PST"]
[Termination "Vanina1989 won on time"]

1. d4 d5 2. c4 c6 3. Nf3 Nf6 4. Nc3 dxc4 5. e4 b5 6. e5 Nd5 7. Ne4 Bf5 8. Ng3 Bg4 9. Be2 e6 10. O-O Be7 11. h3 Bxf3 12. Bxf3 O-O 13. a4 a6 14. Bd2 Qb6 15. Be3 Nd7 16. Ne4 Rfd8 17. Qe2 Nf8 18. g3 Rab8 19. h4 h6 20. Bg2 Rd7 21.
Bh3 Nxe3 22. fxe3 c5 23. Qf3 cxd4 24. Qxf7+ Kh8 25. a5 Qc6 26. Bg2 Qc7 27. exd4 Rxd4 28. Kh2 Rd7 29. Qf4 Ng6 30. Qg4 Nxe5 31. Qxe6 Bxh4 32. Rf4 Be7 33. Raf1 Rg8 34. Rf5 Ng4+ 35. Kh3 Ne3 36. Rh5 Bf8 37. Rf4 Re7 38. Qg6 Qd7+ 39. Kh2 Re6 40. Qf7 Qxf7 41. Rxf7 Nxg2 42. Ng5 Rg6 43.
Nf3 Ne3 44. Nh4 Rf6 45. Rxf6 gxf6 46. Re5 fxe5 0-1

[Event "*** Titled Tuesday Blitz"]
[Site "Chess.com"]
[Date "2021.03.09"]
[Round "8"]
[White "schondeln"]
[Black "Ajedrez_con_German"]
[Result "0-1"]
[WhiteElo "2404"]
[BlackElo "2544"]
[TimeControl "180+1"]
[EndTime "11:31:40 PST"]
[Termination "Ajedrez_con_German won by resignation"]

1. e4 e5 2. Bc4 Nf6 3. d3 c6 4. Nf3 d5 5. Bb3 Bd6 6. Nc3 O-O 7. O-O Be6 8. Bg5 d4 9. Ne2 Nbd7 10. Ng3 h6 11.
Bxf6 Qxf6 12. Nd2 Nc5 13. Ne2 a5 14. Bxe6 Nxe6 15. c3 dxc3 16. bxc3 Rfd8 17. Qc2 Bc5 18. Rad1 Rd7 19. Nf3 Rad8 20. h3 b5 21. Rd2 Bb6 22.
a3 g6 23. Nh2 h5 24. Nf3 Ng5 25. Nxg5 Qxg5 26. a4 b4 27. cxb4 axb4 28. Rfd1 Qf6 29. Nc1 Bd4 30. Nb3 c5 31. Nxd4 cxd4 32. Qb3 Rb8 33.
Rc1 Ra7 34. Rc4 Qa6 35. Rxb4 Rxb4 36. Qxb4 Qxa4 37. Qb8+ Kh7 38. Qxe5 Qa1+ 39. Kh2 Qc1 40. Qxd4 Ra1 41. Rb2 Qf4+ 42. g3 Qf3 0-1

[Event "*** Titled Tuesday Blitz"]
[Site "Chess.com"]
[Date "2021.03.09"]
[Round "8"]
[White "PavelShkapenko"]
[Black "andriipalchuk"]
[Result "1-0"]
[WhiteElo "2713"]
[BlackElo "2579"]
[TimeControl "180+1"]
[EndTime "11:31:41 PST"]
[Termination "PavelShkapenko won on time"]

1. e4 c6 2. d4 d5 3. e5 c5 4. dxc5 e6 5. a3 Bxc5 6. b4 Be7 7. Qg4 Kf8 8. Nf3 h5 9. Qf4 Nd7 10. Bd3 f6 11. Nh4 Nxe5 12. Qe3 g5 13. Nf3 Nxf3+ 14. Qxf3 e5 15. Be2 Bg4 16. Qd3 Bxe2 17. Qxe2 Rc8 18.
O-O Qc7 19. Qf3 e4 20. Qf5 Nh6 21. Qxd5 Ng4 22. g3 h4 23. Qxe4 Nxh2 24. Kxh2 hxg3+ 25. Kg1 gxf2+ 26. Rxf2 Qg3+ 27. Qg2 Qe5 28. Ra2 a5 29. Bxg5 Rg8 30. Kf1 Rxg5 31. Qf3 Rd8 32. Nd2 axb4 33. axb4 Bxb4 34. c3 Bxc3 35. Ne4 Bd4 36. Nxf6 1-0

[Event "*** Titled Tuesday Blitz"]
[Site "Chess.com"]
[Date "2021.03.09"]
[Round "8"]
[White "barbara25"]
[Black "Grimlock_Glasgow"]
[Result "0-1"]
[WhiteElo "2286"]
[BlackElo "2510"]
[TimeControl "180+1"]
[EndTime "11:31:42 PST"]
[Termination "Grimlock_Glasgow won by resignation"]

1. e4 e5 2. Nf3 d5 3. exd5 Bd6 4. d4 e4 5. Ne5 Nf6 6. Nc3 Nbd7 7. Be2 Nxe5 8.
dxe5 Bxe5 9. O-O Bxc3 10. bxc3 Qxd5 11. c4 Qxd1 12. Rxd1 O-O 13. Bf4 Bg4 14. Bxg4 Nxg4 15. Bxc7 Rfc8 16. Bf4 Rxc4 17. h3 Nf6 18. Rd2 Rac8 19.
Rad1 h6 20. Be5 Rxc2 21. Bxf6 gxf6 22. Rd7 R8c7 23. Rxc7 Rxc7 24. Rd4 Rc1+ 25. Kh2 Rc2 26. a4 Rxf2 27. Rxe4 f5 28. Rb4 b6 29. Rb5 Ra2 30. Rb4 Kg7 31. Kg3 Kf6 32. Kf3 Ke5 33. h4 Ra3+ 34. Kf2 f4 35. Rc4 f5 36. Rb4 f3 37.
gxf3 Kf6 38. Kg3 Ke5 39. Rc4 h5 40. Rb4 Rc3 41. Rb5+ Rc5 42. Rb4 Rd5 43. Rc4 Rd4 44.
Rc7 f4+ 45. Kf2 Rxa4 46. Rh7 Ra2+ 47. Ke1 Kd4 48. Rxh5 Ke3 49. Re5+ Kxf3 50. h5 Rh2 51. Rb5 Rh1+ 52. Kd2 Kf2 53. Rf5 f3 54. Kd3 Rh4 55. Rg5 a5 56. Rb5 a4 57. Rxb6 Rxh5 58. Ke4 Rh4+ 59. Kd3 Kg2 60. Ke3 f2 61. Rb2 Rh3+ 62.
Ke4 Kg1 0-1

[Event "*** Titled Tuesday Blitz"]
[Site "Chess.com"]
[Date "2021.03.09"]
[Round "8"]
[White "shnitez"]
[Black "Margency"]
[Result "0-1"]
[WhiteElo "2504"]
[BlackElo "2697"]
[TimeControl "180+1"]
[EndTime "11:31:45 PST"]
[Termination "Margency won on time"]

1. c4 Nf6 2. Nc3 g6 3. e4 d6 4. d4 Bg7 5. Nf3 O-O 6. Be2 e5 7. O-O Nc6 8. d5 Ne7 9. Bg5 Nd7 10. Nd2 f5 11. f3 Kh8 12. b4 Bf6 13. Be3 Ng8 14.
c5 Bg5 15. Bf2 Ndf6 16. Nc4 Nh5 17. cxd6 cxd6 18. Nb5 Be7 19. Nxa7 Bd7 20. Nb6 fxe4 21. Nxa8 Qxa8 22. a4 exf3 23. Bxf3 Nf4 24. Nb5 Nf6 25. Nc7 Qd8 26. Ne6 Bxe6 27. dxe6 d5 28. Bg3 g5 29. Rb1 e4 30. Bg4 d4 31. Bxf4 gxf4 32. Rxf4 d3 33.
Bf5 Qd4+ 34. Kh1 Bd6 35. Rh4 Qf2 36. Qe1 Qxe1+ 37. Rxe1 d2 38. Rd1 e3 39. Bd3 Nd5 40.
Rxh7+ Kg8 41. e7 Bxe7 42. Rh5 Nc3 43. Bc4+ Kg7 0-1

[Event "*** Titled Tuesday Blitz"]
[Site "Chess.com"]
[Date "2021.03.09"]
[Round "8"]
[White "BahadirOzen"]
[Black "RD4ever"]
[Result "0-1"]
[WhiteElo "2778"]
[BlackElo "2911"]
[TimeControl "180+1"]
[EndTime "11:31:46 PST"]
[Termination "RD4ever won by checkmate"]

1. g3 e5 2. Bg2 Nf6 3. d3 d5 4. Nf3 Nc6 5. O-O Be7 6. a3 a5 7. e3 O-O 8. Nc3 Re8 9. b3 Bf8 10. Bb2 h6 11. h3 Be6 12. Nb5 Qd7 13. Kh2 Rad8 14. Qe2 Bf5 15. Nd2 Bh7 16. Qd1 Ne7 17. Nc3 Ng6 18. Ne2 h5 19. Nf3 h4 20. Ng5 Bd6 21. Kg1 Qf5 22. Nxh7 Kxh7 23. g4 Qg5 24. Kh1 e4 25. d4 Kg8 26. Rc1 Nh7 27. c4 c6 28. cxd5 cxd5 29. Qd2 a4 30. bxa4 f5 31. gxf5 Qxf5 32. f4 exf3 33. Rxf3 Qe6 34. Rcf1 Ng5 35. Rf5 Ne4 36. Qd3 Bb8 37. Bxe4 dxe4 38. Qb5 Ne7 39. d5 Nxd5 40. Rg1 Rd7 41. Nd4 Qd6 42.
Qf1 Qh2# 0-1

[Event "*** Titled Tuesday Blitz"]
[Site "Chess.com"]
[Date "2021.03.09"]
[Round "8"]
[White "paulrusan"]
[Black "Balla_Tamas"]
[Result "1/2-1/2"]
[WhiteElo "2316"]
[BlackElo "2457"]
[TimeControl "180+1"]
[EndTime "11:31:46 PST"]
[Termination "Game drawn by agreement"]

1. e4 c5 2. b4 cxb4 3. Bb2 Nf6 4. e5 Nd5 5. a3 d6 6. axb4 dxe5 7. b5 f6 8. Nf3 Bg4 9. Be2 Nd7 10. O-O Nf4 11. h3 Nxe2+ 12. Qxe2 Bh5 13. d4 exd4 14. Bxd4 e5 15.
Nc3 Bxf3 16. gxf3 Be7 17. Bxa7 O-O 18. Be3 Rxa1 19. Rxa1 Qc8 20. Nd5 Bd8 21. c4 Rf7 22.
Kg2 Nf8 23. f4 Ng6 24. c5 Qe6 25. Qc4 exf4 26. Bd4 Nh4+ 27. Kh2 Kh8 28. c6 bxc6 29. bxc6 Nf3+ 30. Kg2 Nh4+ 31. Kh2 Nf3+ 32. Kg2 Nxd4 33.
Qxd4 Qxc6 34. Kh2 Rd7 35. Rd1 h6 36. Qe4 Qd6 37. Qe8+ Kh7 38. Nxf6+ Qxf6 39. Rxd7 Bb6 40. Qf7 Qxf7 41. Rxf7 Bxf2 42. Rxf4 Be3 43. Re4 Bg5 44.
h4 Bf6 1/2-1/2

[Event "*** Titled Tuesday Blitz"]
[Site "Chess.com"]
[Date "2021.03.09"]
[Round "8"]
[White "ChronicUnhappiness"]
[Black "FredyMatsuura"]
[Result "0-1"]
[WhiteElo "2334"]
[BlackElo "2220"]
[TimeControl "180+1"]
[EndTime "11:31:46 PST"]
[Termination "FredyMatsuura won on time"]

1. d4 d5 2. c4 e6 3. Nc3 c6 4. cxd5 exd5 5. Bf4 Bf5 6. e3 Nf6 7.
Bd3 Bxd3 8. Qxd3 Bd6 9. Nge2 O-O 10. O-O Re8 11. Rfe1 Bxf4 12. Nxf4 Nbd7 13. b4 a6 14. a4 Ne4 15. Nxe4 Rxe4 16. b5 axb5 17.
axb5 Re8 18. bxc6 bxc6 19. Qc3 Qb6 20. Rab1 Qa6 21. Rec1 Rec8 22. h3 h6 23. Qb4 Rab8 24.
Qd6 Rxb1 25. Rxb1 Nf6 26. Rc1 Qb7 27. Nd3 Ne4 28. Qa3 Ra8 29. Nc5 Nxc5 30. Qxc5 Ra6 31. g3 g6 32. Kg2 h5 33. h4 Qd7 34. Rc2 Qe6 35. Qc3 Kg7 36. Kh2 Qf6 37. Qd2 Qf5 38.
Qe2 Qe4 39. Rc1 Rb6 40. Qc2 Qf3 41. Kg1 Qf6 42. Rb1 Rxb1+ 43. Qxb1 Qf3 44. Qc2 Qg4 0-1

[Event "*** Titled Tuesday Blitz"]
[Site "Chess.com"]
[Date "2021.03.09"]
[Round "8"]
[White "night_player"]
[Black "northridgehawk"]
[Result "0-1"]
[WhiteElo "2169"]
[BlackElo "2335"]
[TimeControl "180+1"]
[EndTime "11:31:46 PST"]
[Termination "northridgehawk won on time"]

1. e4 e5 2. Nf3 Nc6 3. Bb5 a6 4. Ba4 Nf6 5. O-O b5 6. Bb3 Bc5 7. d3 d6 8. h3 O-O 9. c3 Be6 10.
Re1 Qe7 11. Bc2 Bb6 12. d4 Na5 13. Nbd2 Rad8 14. Nf1 Rfe8 15. Ng3 Qd7 16. dxe5 dxe5 17. Qxd7 Nxd7 18. Ng5 Nc5 19. Nxe6 Nxe6 20. a4 Nc4 21. axb5 axb5 22. Bb3 Nd2 23. Bc2 g6 24. Rd1 Nc4 25. b3 Nd6 26. Bh6 Rd7 27. Bd3 Red8 28. Be2 f6 29. h4 Kf7 30. Bc1 Nc5 31. b4 Na4 32. Rd3 Nb7 33. Rxd7+ Rxd7 34. Bxb5 Rd1+ 35. Kh2 Nxc3 36. Bb2 Rxa1 37. Bxa1 Nxb5 38. h5 N7d6 39. hxg6+ hxg6 40. f3 Be3 41. Ne2 Nc4 42. g3 Bd2 43. f4 Bxb4 44. Kg2 Nbd6 45. Kf3 Nd2+ 46. Ke3 N2xe4 47. fxe5 Bc5+ 48. Kd3 Nf2+ 49. Kc2 Nde4 50. exf6 Nxf6 51. Kb3 Bd6 52. Kc4 N2e4 53. Bxf6 Kxf6 54.
g4 Nf2 0-1

[Event "*** Titled Tuesday Blitz"]
[Site "Chess.com"]
[Date "2021.03.09"]
[Round "8"]
[White "exoticprincess"]
[Black "Shahaliyev"]
[Result "1-0"]
[WhiteElo "2871"]
[BlackElo "2642"]
[TimeControl "180+1"]
[EndTime "11:31:47 PST"]
[Termination "exoticprincess won by resignation"]

1. e4 e5 2. Nf3 Nc6 3. Bc4 Nf6 4. Ng5 d5 5. exd5 Na5 6. Bb5+ c6 7. dxc6 bxc6 8.
Be2 h6 9. Nh3 Bxh3 10. gxh3 Bc5 11. d3 Nd5 12. Nc3 Qh4 13. Ne4 Bb6 14. O-O O-O-O 15. Bg4+ Kb8 16. Qf3 Rhf8 17. Qg3 Qe7 18. Bf3 f5 19. Nc3 f4 20. Qg2 Rf5 21. Ne4 Nb7 22.
Kh1 Nc5 23. Bd2 Ne6 24. c3 Nf6 25. Bg4 Nxg4 26. hxg4 Rf7 27. Qf3 Qd7 28. Rad1 Qxd3 29. Qxd3 Rxd3 30. Bc1 Rfd7 31. Rxd3 Rxd3 32. Kg2 Kc7 33.
Re1 a5 34. h4 Kd7 35. h5 Bc7 36. f3 a4 37. Re2 Bb6 38. Rd2 Rxd2+ 39. Bxd2 Nc5 40.
Nxc5+ Bxc5 41. Kf1 Ke6 42. Ke2 g6 43. hxg6 Kf6 44. Kd3 Kxg6 45. Ke4 Bd6 46. c4 h5 47. gxh5+ Kxh5 48. Bc3 Kh4 49. Bxe5 Bxe5 50. Kxe5 Kg3 51. Ke4 c5 52. a3 1-0

[Event "*** Titled Tuesday Blitz"]
[Site "Chess.com"]
[Date "2021.03.09"]
[Round "8"]
[White "BrandonJacobson"]
[Black "bakki78"]
[Result "0-1"]
[WhiteElo "2915"]
[BlackElo "2793"]
[TimeControl "180+1"]
[EndTime "11:31:48 PST"]
[Termination "bakki78 won by resignation"]

1. e4 c5 2. Nf3 Nc6 3. Bb5 Nf6 4. Bxc6 dxc6 5. d3 Qc7 6. h3 e5 7. a4 Bd6 8. a5 O-O 9. O-O Be6 10.
Nbd2 h6 11. b3 b5 12. axb6 axb6 13. Bb2 b5 14. Nh4 Rfe8 15. Qf3 Nd7 16. Nf5 Nf8 17.
Nxd6 Qxd6 18. Qg3 Ng6 19. h4 Nf4 20. Kh2 f6 21. Qe3 c4 22. g3 Ng6 23. dxc4 bxc4 24. Nxc4 Bxc4 25. bxc4 Nf8 26. Ba3 Qe6 27. Bxf8 Rxf8 28.
Qc5 Rfd8 29. Rxa8 Rxa8 30. Rb1 Kh7 31. Rb7 Rd8 32. Kg2 Rd7 33. Rb6 Qg4 34. Qxc6 Rd2 35.
Rb7 Qe2 36. Qb6 Qxe4+ 37. Kh3 Rd1 38. Rxg7+ Kxg7 39. Qc7+ Kf8 40. Qc8+ Ke7 41. Qc5+ Rd6 42. Qc7+ Rd7 43. Qc5+ Kf7 44. Kh2 Qd4 0-1

[Event "*** Titled Tuesday Blitz"]
[Site "Chess.com"]
[Date "2021.03.09"]
[Round "8"]
[White "moro182"]
[Black "Fandorine"]
[Result "1/2-1/2"]
[WhiteElo "2714"]
[BlackElo "2886"]
[TimeControl "180+1"]
[EndTime "11:31:49 PST"]
[Termination "Game drawn by repetition"]

1. d4 Nf6 2. c4 g6 3. Nc3 Bg7 4. e4 d6 5. Bd3 O-O 6. Nge2 e5 7.
d5 a5 8. O-O Na6 9. f3 Bd7 10.
Be3 Nh5 11. g4 Nf4 12. Nxf4 exf4 13. Bxf4 a4 14. Qd2 a3 15. b3 Qf6 16. Rac1 h6 17.
Bb1 Qd4+ 18. Be3 Qxd2 19. Bxd2 g5 20. Kg2 Be5 21. Rh1 Kg7 22. h4 f6 23. Ne2 Nc5 24. Bc2 c6 25. hxg5 hxg5 26. Ng3 Rh8 27. b4 Rxh1 28.
Rxh1 Na4 29. dxc6 bxc6 30. Nf5+ Bxf5 31. exf5 Nb2 32. Bb3 Rb8 33. Rb1 d5 34. cxd5 cxd5 35. Rc1 Nd3 36. Rc6 Rh8 37. f4 Bxf4 38. Bxf4 Nxf4+ 39. Kf2 Rh2+ 40. Kf3 Rh3+ 41. Kf2 d4 42. b5 Nd3+ 43.
Kg2 Nf4+ 44. Kf2 Nd3+ 45. Kg2 Nf4+ 46. Kf2 1/2-1/2

[Event "*** Titled Tuesday Blitz"]
[Site "Chess.com"]
[Date "2021.03.09"]
[Round "8"]
[White "KarateBaby"]
[Black "ShcufNaiRolf"]
[Result "0-1"]
[WhiteElo "2211"]
[BlackElo "2363"]
[TimeControl "180+1"]
[EndTime "11:31:49 PST"]
[Termination "ShcufNaiRolf won by checkmate"]

1. Nf3 d5 2. c4 c6 3. e3 Nf6 4. Nc3 e6 5. Qc2 Bd6 6. d4 O-O 7. Bd2 Nbd7 8. O-O-O b5 9. e4 b4 10. e5 bxc3 11. Bxc3 Be7 12. exf6 Bxf6 13. Bd3 h6 14.
c5 a5 15. Rde1 Ba6 16. Bh7+ Kh8 17. g4 g6 18. Bxg6 fxg6 19. Qxg6 Bg7 20. Rxe6 Rxf3 21.
Rxc6 Qg5+ 22. Qxg5 hxg5 23. h4 Bd3 24. hxg5+ Kg8 25. g6 Raf8 26. Rd1 Be4 27. Bxa5 Rxf2 28. Bd2 Re2 29. b4 Nf6 30. b5 Nxg4 31. b6 Nf2 32. Rg1 Nd3+ 33. Kc2 Nb4+ 34. Kd1 Rxd2+ 35. Kxd2 Nxc6 36.
a4 Bxd4 37. Rh1 Bxc5 38. b7 d4 39. Rh7 Bb4+ 40. Kd1 Ne5 41. Rc7 Bd3 42. Rc8 Bd6 43.
a5 Kg7 44. Ra8 Rf1+ 45. Kd2 Bb4# 0-1

[Event "*** Titled Tuesday Blitz"]
[Site "Chess.com"]
[Date "2021.03.09"]
[Round "8"]
[White "ChessWarrior7197"]
[Black "Funo09"]
[Result "1-0"]
[WhiteElo "2928"]
[BlackElo "2739"]
[TimeControl "180+1"]
[EndTime "11:31:50 PST"]
[Termination "ChessWarrior7197 won on time"]

1. e4 Nf6 2. e5 Nd5 3. d4 Nb6 4.
Nf3 d5 5. exd6 cxd6 6. c4 g6 7.
Nc3 Bg7 8. Be2 O-O 9. O-O Bg4 10.
b3 Nc6 11. Be3 d5 12. c5 Nc8 13. Ne1 Bxe2 14. Nxe2 e6 15. Nf3 N8e7 16. Ng3 Qa5 17. a3 Qb5 18. Ne2 a5 19. Nc3 Qa6 20. Qd2 Nf5 21.
Rab1 Rfd8 22. Na4 Qb5 23. Nb6 Ra7 24. Rfe1 h6 25. h4 Kh7 26. h5 g5 27. g4 Nd6 28.
Qc2+ Kg8 29. Bxg5 hxg5 30. Nxg5 Ne4 31. Rxe4 dxe4 32. Qxe4 Kf8 33. Qf4 f6 34. Nxe6+ Kg8 35. Nxd8 Nxd8 36. Re1 Nf7 37. Qb8+ Kh7 38. Qxa7 Qxb3 39.
Qxb7 Ng5 40. Re7 Kh6 41. Rxg7 Nf3+ 42. Kh1 Qd1+ 43. Kg2 Nh4+ 44. Kh3 1-0

[Event "*** Titled Tuesday Blitz"]
[Site "Chess.com"]
[Date "2021.03.09"]
[Round "8"]
[White "Smile2005"]
[Black "Nozdrachev_Leonid"]
[Result "0-1"]
[WhiteElo "2392"]
[BlackElo "2530"]
[TimeControl "180+1"]
[EndTime "11:31:50 PST"]
[Termination "Nozdrachev_Leonid won on time"]

1. Nf3 d6 2. g3 Nf6 3. Bg2 g6 4. O-O Bg7 5. d3 O-O 6. e4 a5 7.
Nc3 Nfd7 8. a4 Na6 9. d4 c5 10. d5 c4 11. Qe2 Nb6 12. Be3 Bg4 13. h3 Bxf3 14. Bxf3 Rc8 15. Bg4 f5 16. exf5 gxf5 17. Bh5 Nb4 18. Rad1 Bxc3 19. Bxb6 Qxb6 20. bxc3 Na2 21.
Qe6+ Kh8 22. Rd4 Qd8 23. Bf7 Nxc3 24. Rh4 Rxf7 25. Qxf7 Qg8 26. Qxe7 Nxd5 27. Qxd6 Rd8 28. Qe5+ Qg7 29. Qxg7+ Kxg7 30. Rd1 Kf6 31. Rhd4 Ke6 32.
Rxc4 Rg8 33. Rc5 Nb4 34. Rxa5 f4 35. Rb5 Nxc2 36. g4 Rg7 37. Rdb1 Nd4 38. Rxb7 Rg8 39.
R1b6+ Kd5 0-1

[Event "*** Titled Tuesday Blitz"]
[Site "Chess.com"]
[Date "2021.03.09"]
[Round "8"]
[White "GregShahade"]
[Black "ErikBlomqvist"]
[Result "1-0"]
[WhiteElo "2758"]
[BlackElo "2591"]
[TimeControl "180+1"]
[EndTime "11:31:51 PST"]
[Termination "GregShahade won by resignation"]

1. e4 c6 2. Nc3 d5 3. Nf3 Bg4 4. h3 Bh5 5. exd5 cxd5 6. g4 Bg6 7. Bb5+ Nc6 8. Ne5 Rc8 9. d4 e6 10. Qe2 Bd6 11. Nxg6 hxg6 12. Nxd5 Kf8 13. Bxc6 Rxc6 14. Ne3 Nf6 15. c3 Bf4 16. Qf3 Qb8 17. Kf1 g5 18.
Kg2 g6 19. Bd2 Kg7 20. Rae1 Rcc8 21. Re2 b5 22. a3 a5 23. Kg1 Rcd8 24. Ng2 Bxd2 25.
Rxd2 Rd7 26. Ne3 Rhd8 27. Kg2 e5 28. Rhd1 exd4 29. Rxd4 Rxd4 30. Rxd4 Rxd4 31. cxd4 Qd6 32. d5 Qe5 33. b3 Qd4 34. Kh2 Qb2 35. a4 bxa4 36.
bxa4 Qa2 37. d6 Qxa4 38. Nd5 Nxd5 39. Qxd5 Qd7 40. Qe5+ f6 41. Qc5 Kf7 42. Qd5+ Kg7 43. Kg1 a4 44. Qc5 Kf7 45. Qc4+ Kg7 46. Qc7 Qxc7 47.
dxc7 a3 48. c8=Q 1-0